 Dungeon Crawl Stone Soup version 0.22-a0-135-g6f012ad (webtiles) character file.

67 KristoblXynda the Insei (level 3, -4/33 HPs)
             Began as a Draconian Monk on Jan 31, 2018.
             Slain by an orc
             ... wielding a +0 whip
              (8 damage)
             ... on level 3 of the Dungeon.
             The game lasted 00:02:32 (1387 turns).

KristoblXynda the Insei (Draconian Monk)            Turns: 1387, Time: 00:02:33

Health: -4/33      AC:  6    Str: 13    XL:     3   Next: 98%
Magic:  3/3        EV: 13    Int: 16    God:
Gold:   118        SH:  0    Dex: 13    Spells: 2/2 levels left

rFire    . . .     SeeInvis .     - Unarmed
rCold    . . .     Gourm    .   (no shield)
rNeg     . . .     Faith    .   (armour unavailable)
rPois    .         Spirit   .   (helmet restricted)
rElec    .         Reflect  .   (no cloak)
rCorr    .         Harm     .   (no gloves)
MR       .....                  d - +0 pair of boots (curse)
Stlth    ++........             (no amulet)
HPRegen  0.11/turn              (no ring)
MPRegen  0.08/turn              (no ring)

@: brilliant
A: unfitting armour, cold-blooded, AC +5
a: no special abilities


You were on level 3 of the Dungeon.
You were hungry.

You visited 1 branch of the dungeon, and saw 3 of its levels.

You collected 118 gold pieces.

Inventory:

Armour
 d - a cursed +0 pair of boots (worn)
Potions
 f - a potion of haste
Comestibles
 a - 6 rations
 g - a chunk of flesh


   Skills:
 + Level 3.9 Fighting
 + Level 3.2 Dodging
 - Level 1.7 Stealth
 * Level 4.1 Unarmed Combat


You had 2 spell levels left.
You didn't know any spells.

Dungeon Overview and Level Annotations

Branches:
Dungeon (3/15)

Altars:
Ru


Innate Abilities, Weirdness & Mutations

Your plain brown scales are hard. (AC +5)
You cannot fit into any form of body armour.
You are cold-blooded and may be slowed by cold attacks.


Message History

The orc hits you but does no damage.
You hit the orc but do no damage.
The orc is severely wounded.
The orc closely misses you. The orc barely misses you.
You barely miss the orc.
The orc is severely wounded.
The orc closely misses you. The orc hits you but does no damage.
You hit the orc but do no damage.
You tail-slap the orc, but do no damage.
The orc is severely wounded.
The orc closely misses you.
The orc hits you from afar with a trident!
* * * LOW HITPOINT WARNING * * *
You closely miss the orc.
The orc is severely wounded.
The orc closely misses you. The orc barely misses you.
You hit the orc but do no damage.
The orc is severely wounded.
The orc hits you with a whip!
You die...

#.# #.#
####.## .....
##.#.#
#..#.###
######...)..#
.......<#.#.#
#######.#@#
#.#o# #.#o#
..#o# ###o#
..# ... ###


You could see 4 orcs.

Vanquished Creatures
  An adder (D:2)
  2 worms
  3 dart slugs
  3 leopard geckos
  3 orcs
  7 bats
  4 hobgoblins
  3 jackals (D:1)
  A quokka (D:2)
  4 frilled lizards
  3 goblins
  3 kobolds
  4 rats
41 creatures vanquished.

Notes
Turn   | Place    | Note
-------+----------+-------------------------------------------
     0 | D:1      | KristoblXynda the Draconian Monk began the quest for the Orb.
     0 | D:1      | Reached XP level 1. HP: 19/19 MP: 1/1
   211 | D:1      | Reached XP level 2. HP: 25/26 MP: 2/2
   891 | D:2      | Found a sacrificial altar of Ru.
   912 | D:2      | Reached XP level 3. HP: 28/31 MP: 3/3
   970 | D:2      | Found a faded altar of an unknown god.
  1270 | D:2      | Reached skill level 4 in Unarmed Combat
  1387 | D:3      | Slain by an orc

Vault maps used:
D:1:      onia_arrival_pyramid, minmay_cut_off
D:2:      chequers_ecumenical_altar_island, first_ration,
          nicolae_ru_awakened_eye
D:3:      xom_redecorated

Skill      XL: |  1  2  3 |
---------------+----------+-----
Dodging        | 3 |  3.2
Unarmed Combat | 4 |  4.1
Fighting       | |  3.9
Stealth        | |  1.7

Action                   || total
-------------------------++-------
Melee: Unarmed           ||   149
       Tailslap          ||    19
       Punch             ||     3
  Use: Potion            ||     2
       Scroll            ||     1
 Stab: Sleeping          ||     4
  Eat: Chunk             ||     1
Armor: Skin              ||    48
Dodge: Dodged            ||    99

Table legend:
 A = Spawn XP
 B = Non-spawn XP
 C = Spawn XP percentage of total XP
 D = Spawn monster count
 E = Non-spawn monster count
 F = Spawn count percentage of total count
 G = Total turns spent on level
                    A         B        C        D         E        F      G
               +---------+---------+-------+---------+---------+-------+---------
         Total |       0 |      96 |   0.0 |       0 |      41 |   0.0 |  1387
               +---------+---------+-------+---------+---------+-------+---------
           D:1 |       0 |      36 |   0.0 |       0 |      19 |   0.0 |   890
           D:2 |       0 |      49 |   0.0 |       0 |      19 |   0.0 |   460
           D:3 |       0 |      11 |   0.0 |       0 |       3 |   0.0 |    37
               +---------+---------+-------+---------+---------+-------+---------
